 Dungeon Crawl Stone Soup version 0.27.1-2-g3b301248ec (webtiles) character file.

Game seed: 15672767194426848853

110 raph the Firebug (level 4, -5/24 HPs)
             Began as a Deep Elf Fire Elementalist on Sept 25, 2021.
             Slain by Jessica (6 damage)
             ... on level 3 of the Dungeon.
             The game lasted 00:02:47 (1638 turns).

raph the Firebug (Deep Elf Fire Elementalist)       Turns: 1638, Time: 00:02:48

Health: -5/24      AC:  3    Str:  6    XL:     4   Next: 61%
Magic:  1/11       EV: 13    Int: 20    God:
Gold:   81         SH:  0    Dex: 15    Spells: 2/10 levels left

rFire    . . .     SeeInvis .   a - +0 dagger
rCold    . . .     Faith    .   (no shield)
rNeg     . . .     Spirit   .   b - +0 robe
rPois    .         Reflect  .   m - +0 helmet
rElec    .         Harm     .   (no cloak)
rCorr    .         Rampage  .   (no gloves)
Will     .....                  (no boots)
Stlth    ++........             (no amulet)
HPRegen  0.08/turn              (no ring)
MPRegen  0.12/turn              (no ring)

@: no status effects
A: no striking features
a: no special abilities


You were on level 3 of the Dungeon.
You visited 1 branch of the dungeon, and saw 3 of its levels.

You collected 81 gold pieces.

Inventory:

Hand Weapons
 a - a +0 dagger (weapon)
Missiles
 f - 38 poisoned darts
Armour
 b - a +0 robe (worn)
 m - a +0 helmet (worn)
Scrolls
 c - 2 scrolls of identify {unknown}
 d - a scroll of teleportation {unknown}
 l - 3 scrolls of holy word {unknown}
 n - a scroll of fear {unknown}
Potions
 e - a potion of heal wounds {unknown}
 g - 2 potions of experience {unknown}
 h - 3 potions of curing {unknown}
 i - a potion of haste {unknown}
 j - a potion of invisibility {unknown}
 k - a potion of brilliance {unknown}


   Skills:
 + Level 0.4 Fighting
 + Level 3.2 Dodging
 + Level 3.3 Stealth
 + Level 3.8 Spellcasting
 + Level 2.0 Conjurations
 * Level 4.3 Fire Magic


You had 2 spell levels left.
You knew the following spells:

 Your Spells              Type           Power      Damage    Failure   Level
a - Foxfire               Conj/Fire      64%        2x1d7     3%          1
b - Conjure Flame         Conj/Fire      16%        6-21      11%         3
c - Sticky Flame          Conj/Fire      16%        2d4       34%         4

Your spell library contained the following spells:

 Spells                   Type           Power      Damage    Failure   Level
 Inner Flame              Hex/Fire       12%        N/A       16%         3
 Fireball                 Conj/Fire      8%         3d6       69%         5


Dungeon Overview and Level Annotations

Branches:
Dungeon (3/15)

Altars:
Qazlal

Annotations:
D:3 Jessica, Natasha


Message History

The foxfire hits Jessica.
Jessica is moderately wounded.
Your foxfire dissipates!
A giant cockroach comes into view.
Casting: Foxfire (safe; 3% risk of failure)
Confirm with . or Enter, or press ? or * to list all spells.
You conjure some foxfire!
The foxfire hits Jessica but does no damage.
Jessica is moderately wounded.
The foxfire hits Jessica.
Jessica is severely wounded.
The foxfire hits Jessica.
Jessica is almost dead.
Your foxfire dissipates!
Casting: Foxfire (safe; 3% risk of failure)
Confirm with . or Enter, or press ? or * to list all spells.
You don't have enough magic to cast this spell.
The foxfire hits the giant cockroach but does no damage.
The foxfire hits the giant cockroach.
The giant cockroach is almost dead.
Found 18 stones.
Jessica casts a spell.
Jessica blinks!
Jessica barely misses you.
Found 4 gold pieces.
Jessica casts a spell at you. Pain shoots through your body!
You hit Jessica.
Jessica is almost dead.
Jessica casts a spell at you. Pain shoots through your body!
* * * LOW HITPOINT WARNING * * *
Jessica hits you with a +0 club.
* * * LOW HITPOINT WARNING * * *
The giant cockroach bites you.
* * * LOW HITPOINT WARNING * * *
Jessica closely misses you. Jessica barely misses you.
There is a stone staircase leading up here.
Jessica hits you with a +0 club.
You die...

###### .# (..... .$.##
#.....# ......
##.......≈
......##.........).
#......@........≈≈≈≈
#.)....B@.....[.....
####..).##............
...#.##.##............
#... #.)......[......
#...###............
... ###.......##
#§##...#..<#.....
#....#####.#.###.


You could see Jessica (fast) and a giant cockroach.

Vanquished Creatures
  A centaur skeleton (D:2)
  2 adders (D:2)
  4 gnolls (D:3)
  A worm (D:2)
  3 bats (D:2)
  An endoplasm (D:2)
  2 goblins (D:2)
  2 hobgoblins
  3 quokkas
  2 ball pythons (D:1)
  3 frilled lizards
  2 kobolds (D:2)
  3 rats (D:1)
29 creatures vanquished.

Vanquished Creatures (others)
  129 foxfires
129 creatures vanquished.

Grand Total: 158 creatures vanquished

Notes
Turn   | Place    | Note
-------+----------+-------------------------------------------
     0 | D:1      | raph the Deep Elf Fire Elementalist began the quest for the
                  | Orb.
     0 | D:1      | Reached XP level 1. HP: 10/10 MP: 6/6
   220 | D:1      | Found a faded altar of an unknown god.
   539 | D:2      | Reached XP level 2. HP: 15/15 MP: 4/8
   589 | D:2      | Reached XP level 3. HP: 19/19 MP: 1/10
   661 | D:2      | Learned a level 3 spell: Conjure Flame
   741 | D:2      | Reached skill level 4 in Fire Magic
  1017 | D:2      | Reached XP level 4. HP: 24/24 MP: 9/11
  1084 | D:2      | Found a stormy altar of Qazlal.
  1090 | D:2      | Learned a level 4 spell: Sticky Flame
  1522 | D:3      | Noticed Jessica
  1524 | D:3      | Noticed Natasha
  1635 | D:3      | HP: 1/24 [giant cockroach (1)]
  1638 | D:3      | Slain by Jessica

Illustrated notes

Levels and vault maps discovered:
D:1:      psy_arrival_basics, layout_rooms,
          hellmonk_ecumenical_altar_pennies_from_heaven
D:2:      layout_basic, basic_altar, minivault_11
D:3:      layout_rooms, mainiacjoe_overflow_big_doors,
          chequers_serial_rivers_micro_d, uniq_robin, uniq_jessica, uniq_natasha

Skill      XL: |  1  2  3  4 |
---------------+-------------+-----
Stealth        | 3 |  3.3
Dodging        | 3 |  3.2
Fire Magic     | 4 |  4.3
Conjurations   | 2 |  2.0
Fighting       | |  0.4
Spellcasting   | |  3.8

Action                   |  1- 3 |  4- 6 || total
-------------------------+-------+-------++-------
Melee: Dagger            |     1 |     2 ||     3
 Cast: Foxfire           |    48 |    28 ||    76
 Stab: Sleeping          |     1 |       ||     1
Armor: Robe              |     1 |       ||     1
Dodge: Dodged            |     2 |     4 ||     6
